 Dungeon Crawl Stone Soup version 0.26-a0-712-ga5a9c9c9d0 (webtiles) character file.

Game seed: 9863760083326964529

67 Azzok the Chopper (level 4, 34/35 HPs)
             Began as a Demonspawn Berserker on Nov 9, 2020.
             Was a Believer of Trog.
             Quit the game on level 2 of the Dungeon.
             The game lasted 00:02:01 (1836 turns).

Azzok the Chopper (Demonspawn Berserker)            Turns: 1836, Time: 00:02:01

Health: 34/35      AC:  8    Str: 18    XL:     4   Next: 0%
Magic:  4/4        EV: 10    Int:  9    God:    Trog [**....]
Gold:   68         SH:  0    Dex: 12    Spells: 3/3 levels left

rFire    . . .     SeeInvis .   a - +0 hand axe
rCold    . . .     Faith    .   (no shield)
rNeg     . . .     Spirit   .   m - +0 scale mail
rPois    .         Reflect  .   (no helmet)
rElec    .         Harm     .   (no cloak)
rCorr    .         Rampage  .   (no gloves)
MR       .....                  (no boots)
Stlth    ..........             (no amulet)
HPRegen  0.11/turn              (no ring)
MPRegen  0.09/turn              (no ring)

@: no status effects
A: yellow scales 1, demonic guardian 1
a: Berserk, Trog's Hand, Renounce Religion


You were on level 2 of the Dungeon.
You worshipped Trog.
Trog was pleased with you.
You visited 1 branch of the dungeon, and saw 2 of its levels.

You collected 68 gold pieces.

Inventory:

Hand Weapons
 a - a +0 hand axe (weapon)
Armour
 b - a +0 animal skin
 j - a +0 ring mail
 m - a +0 scale mail (worn)
Jewellery
 i - an uncursed amulet of magic regeneration {unknown}
Scrolls
 c - 2 scrolls of remove curse {unknown}
 d - 2 scrolls of enchant weapon {unknown}
 f - a scroll of identify {unknown}
 k - a scroll of fog {unknown}
 l - a scroll of magic mapping {unknown}
Potions
 e - a potion of mutation {unknown}
 g - 2 potions of invisibility {unknown}
 h - a potion of brilliance {unknown}


   Skills:
 - Level 3.0 Fighting
 + Level 4.4 Axes
 - Level 1.7 Armour
 - Level 1.7 Dodging


You had 3 spell levels left.
You didn't know any spells.
Your spell library was empty.

Dungeon Overview and Level Annotations

Branches:
Dungeon (2/15)

Altars:


Innate Abilities, Weirdness & Mutations

You are partially covered in yellow scales. (AC +2)
A weak demonic guardian rushes to your aid.


Message History

The ball python constricts you.
You escape the ball python's grasp.
The ball python barely misses you. The ball python grabs you.
The ball python constricts you.
You see here a +0 club.
You escape the ball python's grasp.
You hit the ball python.
The ball python is moderately wounded.
The ball python bites you but does no damage.
The ball python closely misses you.
You barely miss the ball python.
The ball python is moderately wounded.
The ball python barely misses you. The ball python grabs you.
The ball python constricts you.
You slash the ball python!
You kill the ball python!
Trog accepts your kill.
You have reached level 4!
You feel clever.
Your demonic ancestry asserts itself...
You feel the presence of a demonic guardian.
Are you sure you want to abandon this character and quit the game? (Confirm with "yes".)

········▒ ▒··········▒ ▒·▒·▒··
···)····▒ ▒·········▒▒ ▒·▒····
········▒ ▒·········▒▒▒▒······
········▒▒▒▒▒▒▒▒'▒▒▒╬▒····)·▒····
'▒╬▒▒···╬············▒▒▒▒▒▒·▒·▒·▒
·▒·▒▒···▒▒▒▒▒···)······· ▒·▒·▒·▒
···^····▒ ▒··········· ▒·▒·▒··
)▒▒··▒▒▒▒▒▒▒▒··········· ▒·▒····
········ ·······@······· ▒·▒▒▒▒·
········ ·······$······· ··· ╬·
········ ··············· ·>· ▒·
▒▒▒▒··▒▒▒▒▒▒▒·▒▒▒▒▒▒▒▒▒▒ ·
▒·▒▒▒·····▒ · ▒▒▒▒▒·▒·····▒·▒
▒▒▒▒▒▒╬▒· ······▒·····▒·▒
▒········ ▒········▒·▒ ▒········
▒·▒······▒·▒▒▒▒▒▒▒▒▒▒▒········


There were no monsters in sight!

Vanquished Creatures
  An adder (D:2)
  3 worms (D:2)
  3 leopard geckos
  A ball python (D:2)
  4 bats
  2 giant cockroaches (D:1)
  6 goblins
  7 hobgoblins (D:2)
  5 jackals (D:1)
  6 kobolds
  2 frilled lizards
  2 rats (D:2)
42 creatures vanquished.

Notes
Turn   | Place    | Note
-------+----------+-------------------------------------------
     0 | D:1      | Azzok the Demonspawn Berserker began the quest for the Orb.
     0 | D:1      | Reached XP level 1. HP: 18/18 MP: 1/1
     2 | D:1      | You fall into a shaft and drop 1 floor!
    13 | D:2      | Reached skill level 3 in Axes
   104 | D:2      | Gained mutation: You are partially covered in yellow
                  | scales. (AC +2) [demonic ancestry]
   104 | D:2      | Reached XP level 2. HP: 18/24 MP: 2/2
   843 | D:1      | Reached XP level 3. HP: 25/29 MP: 3/3
   922 | D:1      | Reached ** piety under Trog
  1042 | D:1      | Reached skill level 4 in Axes
  1835 | D:2      | Gained mutation: A weak demonic guardian rushes to your
                  | aid. [demonic ancestry]
  1835 | D:2      | Reached XP level 4. HP: 34/35 MP: 4/4
  1836 | D:2      | Quit the game

Illustrated notes

Levels and vault maps discovered:
D:1:      dpeg_arrival_houses_and_road, layout_basic, corner_web_ring
D:2:      layout_basic, lemuel_round_altar, minmay_heptomino_w4

Skill      XL: |  1  2  3 |
---------------+----------+-----
Axes           | 3 4 |  4.4
Fighting       | |  3.0
Armour         | |  1.7
Dodging        | |  1.7

Action                   |  1- 3 |  4- 6 || total
-------------------------+-------+-------++-------
Melee: Hand axe          |   136 |       ||   136
Invok: Berserk           |     2 |       ||     2
Armor: Animal skin       |    45 |       ||    45
       Ring mail         |     1 |       ||     1
       Scale mail        |     1 |       ||     1
Dodge: Dodged            |   109 |       ||   109

Table legend: (Time is in decaauts)
 A = Elapsed time spent in this place.
 B = Non-inter-level travel time spent in this place.
 C = Inter-level travel time spent in this place.
 D = Time resting spent in this place.
 E = Time spent auto-exploring this place.
 F = Levels seen in this place.
 G = Mean time per level.
                   A        B        C        D        E       F      G
               +--------+--------+--------+--------+--------+-----+--------+
         Total |   1866 |   1846 |     20 |    260 |   1204 |   2 |  933.0 |
       Dungeon |   1866 |   1846 |     20 |    260 |   1204 |   2 |  933.0 |
               +--------+--------+--------+--------+--------+-----+--------+

Top non-repeatable levels by time:
     D:2: 1136 daAuts
     D:1: 729 daAuts
